 Dungeon Crawl Stone Soup version 0.27-a0-1065-ge809cff456 (webtiles) character file.

Game seed: 17141201061377374270

141503 Mgcat the Warrior (level 17, -9/122 HPs)
             Began as a Djinni Conjurer on Apr 22, 2021.
             Was the Champion of Makhleb.
             Mangled by a merfolk impaler
             ... wielding a +7 trident of venom
              (12 damage)
             ... on level 2 of the Shoals.
             The game lasted 01:17:59 (26703 turns).

Mgcat the Warrior (Djinni Conjurer)                Turns: 26703, Time: 01:17:59

Health: -9/122     AC: 18    Str: 10    XL:     17   Next: 33%
Gold:   1428       EV: 17    Int: 30    God:    Makhleb [******] SH:  0 Dex: 18

rFire    + + +     SeeInvis .   E - staff of conjuration {!a}
rCold    . . .     Faith    .   (no shield)
rNeg     . . .     Spirit   .   M - +4 troll leather armour {regen}
rPois    ∞         Reflect  .   e - +0 helmet {Int+3}
rElec    +         Harm     .   L - +2 cloak of the Bruised Allies {Fly rElec rC+ Str+4}
rCorr    .         Rampage  .   D - +3 pair of gauntlets of War {Slay+5}
Will     +....                  (boots unavailable)
Stlth    ++........             R - amulet of regeneration {+regen, !d}
HPRegen  2.30/turn              O - ring of fire {rF+, rC-}
MPRegen  0.00/turn              G - ring "Siubun" {rC+ MP+9 Dex+6}

@: flying
A: fire resistance 2, cold vulnerability 1, float, innate caster, hp casting,
extra vitality 1, deterioration 1, frail 1
a: Renounce Religion, Minor Destruction, Lesser Servant of Makhleb, Major
Destruction, Greater Servant of Makhleb


You were on level 2 of the Shoals.
You worshipped Makhleb.
Makhleb was exalted by your worship.
You visited 5 branches of the dungeon, and saw 26 of its levels.
You visited the Abyss 1 time.
You visited 1 bazaar.
You also visited: Ossuary, Gauntlet and Volcano.

You collected 3612 gold pieces.
You spent 2184 gold pieces at shops.

Inventory:

Hand Weapons
 T - the +9 arbalest of Tenacity {vorpal, Str+4}
   (You took it off a minotaur in a Gauntlet)

   Any bolt fired from it inflicts extra damage.
   It affects your strength (+4).
Missiles
 m - 2 throwing nets {=f, !d}
Armour
 e - a +0 helmet of intelligence (worn)
   (You bought it in a shop in a bazaar)
 D - the +3 pair of gauntlets of War (worn) {Slay+5}
   (You took it off Nikola on level 1 of the Shoals)

   It affects your accuracy and damage with ranged weapons and melee attacks
   (+5).
 L - the +2 cloak of the Bruised Allies (worn) {Fly rElec rC+ Str+4}
   (You found it in a Gauntlet)

   It affects your strength (+4).
   It protects you from cold.
   It insulates you from electricity.
   It grants you flight.
 M - a +4 troll leather armour (worn) {regen}
   (You found it on level 11 of the Dungeon)
Magical Staves
 E - a staff of conjuration (weapon) {!a}
   (You found it on level 1 of the Shoals)
 N - a staff of fire {rF+}
   (You found it on level 6 of the Lair of Beasts)
Jewellery
 a - the ring "Ofryter" {rElec rN+ SInv}
   (You acquired it on level 2 of the Orcish Mines)

   [ring of see invisible]

   It insulates you from electricity.
   It protects you from negative energy.
   It lets you see invisible.
 y - a ring of ice {rC+, rF-}
   (You found it in a Gauntlet)
 z - a +6 ring of intelligence
   (You found it on level 1 of the Shoals)
 A - the ring "Juxzelokh" {Wiz rElec rF+ Will+ Str+2 Dex+2}
   (You found it on level 2 of the Orcish Mines)

   [ring of wizardry]

   It improves your spell success rate.
   It affects your strength (+2).
   It affects your dexterity (+2).
   It protects you from fire.
   It insulates you from electricity.
   It increases your willpower.
 G - the ring "Siubun" (right hand) {rC+ MP+9 Dex+6}
   (You acquired it on level 5 of the Lair of Beasts)

   [ring of dexterity]

   It affects your dexterity (+6).
   It protects you from cold.
   It affects your magic capacity (+9).
 H - a ring of resist corrosion
   (You found it on level 10 of the Dungeon)
 O - a ring of fire (left hand) {rF+, rC-}
   (You found it on level 2 of the Lair of Beasts)
 R - an amulet of regeneration (around neck) {+regen, !d}
   (You bought it in a shop on level 1 of the Dungeon)
Wands
 B - a wand of iceblast (30)
   (You found it on level 11 of the Dungeon)
 Q - a wand of acid (24)
   (You found it on level 2 of the Lair of Beasts)
Scrolls
 d - 4 scrolls of blinking {!r}
 g - 20 scrolls of teleportation
 h - 2 scrolls of enchant weapon
 i - 5 scrolls of fear
 j - 4 scrolls of identify
 k - 6 scrolls of fog
 r - a scroll of summoning
 P - 2 scrolls of holy word {!r}
Potions
 b - 5 potions of brilliance
 o - 3 potions of ambrosia
 p - 3 potions of cancellation
 q - 4 potions of resistance
 t - 9 potions of heal wounds
 u - 7 potions of curing
 w - 3 potions of might
 x - a potion of invisibility
 C - a potion of berserk rage {!q}
 F - a potion of mutation {unknown}
 K - a potion of haste
Miscellaneous
 c - a phantom mirror
   (You found it on level 4 of the Lair of Beasts)
 v - a phial of floods
   (You found it on level 3 of the Lair of Beasts)
 I - a lightning rod (4/4)
   (You found it on level 5 of the Lair of Beasts)
 U - a box of beasts
   (You found it on level 2 of the Lair of Beasts)


   Skills:
 + Level 17.2 Fighting
 + Level 7.4 Staves
 - Level 8.0 Armour
 - Level 10.0 Dodging
 - Level 1.5 Stealth
 * Level 14.5 Spellcasting
 - Level 12.0 Invocations


You couldn't memorise any spells.
You knew the following spells:

 Your Spells              Type           Power      Damage    Failure   Level
a - Magic Dart            Conj           100%       1d8       0%          1
b - Searing Ray           Conj           100%       3d7       0%          2
c - Fireball              Conj/Fire      64%        3d24      1%          5
d - Fulminant Prism       Conj/Hex       52%        3d23      1%          4
e - Iskenderun's Mystic   Conj/Tloc      100%       2d19      1%          4
f - Beastly Appendage     Tmut           100%       N/A       0%          1
g - Corpse Rot            Necr/Air       N/A        N/A       0%          2
h - Confusing Touch       Hex            83%        N/A       1%          3
i - Summon Ice Beast      Ice/Summ       83%        N/A       1%          4
j - Dazzling Flash        Conj/Hex       100%       N/A       1%          3
k - Hydra Form            Tmut           41%        N/A       1%          5
l - Invisibility          Hex            83%        N/A       1%          6
m - Summon Hydra          Summ           41%        N/A       6%          7
Your spell library was empty.

Dungeon Overview and Level Annotations

Branches:
Dungeon (15/15)            Temple (1/1) D:4            Lair (6/6) D:9
 Shoals (2/4) Lair:3        Snake (0/4) Lair:3        Slime (0/5) Lair:6
    Orc (2/2) D:10            Elf (0/3) Orc:2        Vaults (0/5) D:13
 Depths (0/5) D:15        Ossuary (visited)         Volcano (visited)
Gauntlet (visited)

Altars:
Dithmenos
Elyvilon
Fedhas
Gozag
Kikubaaqudgha
Makhleb
Nemelex Xobeh
Okawaru
Trog
Uskayaw
Vehumet
Xom
Jiyva

Shops:
D:1 !![=   D:5 *?*   D:7 [   D:8 *   D:14 [   Orc:1 *((([   Orc:2 (?!**

Annotations:
Lair:6 1 runed translucent door


Innate Abilities, Weirdness & Mutations

You are immune to poison.
Your flesh is very heat resistant. (rF++)
You are vulnerable to cold. (rC-)
You float through the air rather than walking.
You learn spells naturally, not from books.
Your magical power is your life essence.
You have superior vitality. (+4 HP)
Your body sometimes deteriorates upon taking damage.
You are frail. (-10% HP)


Message History

Makhleb accepts your kill.
You feel better.
* * * LOW HITPOINT WARNING * * *
Ilsuiw gestures wildly while chanting.
The merfolk impaler is engulfed in a cloud of scalding steam.
The merfolk javelineer is engulfed in a cloud of scalding steam.
A wind drake comes into view.
You regained 3 hp, and now have 37/122 hp.
Spoiler Alert: The wind drake (wandering, repels missiles) can cast Airstrike and push you away!
You are in flight!
Casting: Fireball (mildly dangerous; 1% risk of failure)
Confirm with . or Enter, or press ? or * to list all spells.
Aiming: Fireball (mildly dangerous; 1% risk of failure)
Press: ? - help, Shift-Dir - straight line, f/p - Ilsuiw
Aim: Ilsuiw, wielding a +1 trident of freezing and wearing a +2 robe (almost dead)
You feel a strong surge of power!
The fireball explodes!
The fireball engulfs Ilsuiw!!
You kill Ilsuiw!
Makhleb accepts your kill.
You feel better.
The water elemental disappears in a puff of smoke! x2
The fireball engulfs the merfolk javelineer!!!
The merfolk javelineer is severely wounded.
The fireball engulfs the merfolk javelineer!!
The merfolk javelineer is moderately wounded.
The fireball engulfs the merfolk impaler!!!
You kill the merfolk impaler!
Makhleb accepts your kill.
You feel better.
The merfolk siren chants a haunting song.
You resist with some effort.
The merfolk javelineer throws a javelin.
The javelin pierces through you.
The merfolk javelineer throws a javelin.
The javelin pierces through you but does no damage.
The merfolk impaler misses you.
The merfolk siren chants a haunting song.
You resist with some effort.
You regained 10 hp, and now have 47/122 hp.
Casting: Fireball (mildly dangerous; 1% risk of failure)
Confirm with . or Enter, or press ? or * to list all spells.
Aiming: Fireball (mildly dangerous; 1% risk of failure)
Press: ? - help, Shift-Dir - straight line You feel a strong surge of power!
The fireball explodes!
The fireball engulfs the merfolk javelineer!!!
You kill the merfolk javelineer!
Makhleb accepts your kill.
You feel better.
The fireball engulfs the merfolk javelineer!!!
The merfolk javelineer is almost dead.
The merfolk impaler closely misses you.
The merfolk javelineer throws a javelin.
The javelin misses you.
You regained 5 hp, and now have 52/122 hp.
Spoiler Alert: The wind drake (repels missiles) can cast Airstrike and push you away!
You are in flight!
Casting: Fireball (mildly dangerous; 1% risk of failure)
Confirm with . or Enter, or press ? or * to list all spells.
Aiming: Fireball (mildly dangerous; 1% risk of failure)
Press: ? - help, Shift-Dir - straight line, f - merfolk siren
Aim: a merfolk siren, wielding a +0 spear You feel a strong surge of power!
The fireball explodes!
The fireball engulfs the merfolk siren!!!
You kill the merfolk siren!
Makhleb accepts your kill.
You feel better.
The fireball engulfs the merfolk siren!!
The merfolk siren is heavily wounded.
The merfolk impaler hits you but does no damage.
The merfolk impaler completely misses you.
The merfolk siren chants a haunting song.
You resist with almost no effort.
The merfolk javelineer throws a javelin.
The javelin misses you.
You regained 2 hp, and now have 54/122 hp.
Spoiler Alert: The wind drake (repels missiles) can cast Airstrike and push you away!
You are in flight!
Casting: Fireball (mildly dangerous; 1% risk of failure)
Confirm with . or Enter, or press ? or * to list all spells.
Aiming: Fireball (mildly dangerous; 1% risk of failure)
Press: ? - help, Shift-Dir - straight line You feel a strong surge of power!
The fireball explodes!
The fireball engulfs the merfolk impaler!!!
The merfolk impaler is severely wounded.
The fireball engulfs the wind drake!!!
You kill the wind drake!
Makhleb accepts your kill.
The merfolk impaler hits you from afar with a +7 trident of venom!
The merfolk javelineer throws a javelin.
The javelin misses you.
The merfolk impaler hits you from afar with a +7 trident of venom!!
* * * LOW HITPOINT WARNING * * *
You take 48 damage, and have 6/122 hp.
MASSIVE DAMAGE!!
Casting: Fireball (mildly dangerous; 1% risk of failure)
Confirm with . or Enter, or press ? or * to list all spells.
Aiming: Fireball (mildly dangerous; 1% risk of failure)
Press: ? - help, Shift-Dir - straight line You feel a strong surge of power!
The fireball explodes!
The fireball engulfs the merfolk impaler!
The merfolk impaler is almost dead.
* * * LOW HITPOINT WARNING * * *
The merfolk impaler hits you from afar with a +7 trident of venom!
You die...

≈≈≈≈≈≈≈≈≈≈≈...≈≈≈≈≈≈≈≈≈≈≈
≈≈≈≈≈≈≈≈≈≈≈≈≈..≈≈≈≈≈≈≈≈≈≈
≈≈≈≈≈≈≈≈≈≈≈≈≈....≈≈≈≈≈≈≈≈
≈≈≈≈≈≈≈≈≈≈≈......≈≈≈≈≈≈≈≈
≈≈≈≈≈≈≈≈≈≈..###..≈≈≈≈≈≈≈
≈≈≈≈≈≈≈≈≈≈### #..≈≈≈≈≈≈≈
≈≈≈≈≈.≈≈≈. ##.≈≈≈≈≈≈≈
...≈≈≈..###..≈≈≈≈≈≈≈
..≈≈$...@...≈≈≈≈≈≈≈
.≈≈.......≈≈≈≈≈≈≈≈
...}m§)m.≈≈≈≈≈≈≈≈≈
....)§§§≈≈≈≈≈≈≈≈≈≈
...m.§§§≈≈≈≈≈≈≈≈≈≈
..)###.≈≈≈≈≈≈≈≈≈≈≈ ≈ ...
....[≈≈≈≈≈≈≈≈ . ..
#.....≈≈≈≈≈≈≈≈ .


You could see a merfolk impaler, a merfolk javelineer and a merfolk siren.

Vanquished Creatures
  Nikola (Shoals:1)
  Rupert (Orc:2)
  Jorgrun (D:15)
  2 tentacled starspawn (Abyss:3)
  Kirke (D:14)
  Ilsuiw (Shoals:2)
  Donald (Shoals:1)
  The ghost of Gonzollydolly the Black Belt, an adept OpTm of Ru (Orc:2)
  2 minotaurs
  A dire elephant (Gauntlet)
  A merfolk javelineer (Shoals:2)
  3 merfolk impalers
  Fannar (D:10)
  8 hydras
  A merfolk aquamancer (Shoals:1)
  3 rakshasas
  7 centaur warriors
  An ogre mage (D:13)
  2 death knights
  2 catoblepae
  2 two-headed ogres
  A tengu warrior (D:11)
  4 orc high priests (Orc:2)
  6 death yaks
  A thrashing horror (Abyss:3)
  Urug (Lair:3)
  2 skeletal warriors
  3 sea snakes (Shoals:2)
  A deep elf archer (D:13)
  2 wizards (D:15)
  An orange crystal statue (D:12)
  2 starcursed masses (Abyss:3)
  3 harpies (Shoals:2)
  2 deep elf zephyrmancers (D:13)
  A necromancer (D:15)
  5 deep elf pyromancers
  A wolf spider zombie (D:15)
  5 orc sorcerers
  6 lindwurms
  14 fauns
  7 orc knights
  7 ugly things
  2 cyclopes
  A manticore (D:11)
  27 elephants
  6 black mambas
  5 water nymphs
  Joseph (Lair:1)
  A torpor snail (Lair:6)
  6 merfolk sirens
  2 molten gargoyles (Volcano)
  Maggie (D:7)
  15 cane toads
  A minotaur zombie (Gauntlet)
  4 rime drakes
  Psyche (D:8)
  A yaktaur (shapeshifter) (D:14)
  10 yaktaurs
  2 kobold demonologists (D:8)
  7 komodo dragons
  A tengu conjurer (D:13)
  An ancient zyme (Abyss:3)
  3 freezing wraiths
  3 meliai (D:15)
  12 merfolk
  5 trolls
  A hornet (D:8)
  6 wind drakes
  6 dream sheep
  21 blink frogs
  5 slime creatures (D:13)
  2 snapping turtles
  Prince Ribbit (D:6)
  A meliai zombie (D:11)
  A spriggan (shapeshifter) (D:15)
  4 wraiths
  5 wyverns
  A vampire (D:12)
  41 yaks
  6 fire bats (Volcano)
  5 basilisks
  7 vampire mosquitoes
  6 water elementals
  A large abomination (Abyss:3)
  3 hogs (D:14)
  Edmund (D:5)
  A neqoxec (Abyss:3)
  Menkaure (D:6)
  4 wargs
  3 hell hounds
  5 nagas (Lair:3)
  14 water moccasins
  19 orc warriors
  2 sky beasts (D:6)
  7 ogres
  3 black bears
  A necrophage (D:5)
  3 boggarts (D:14)
  6 wolves (Lair:2)
  2 small abominations (Abyss:3)
  11 centaurs
  5 kobold brigands
  Blork the orc (D:7)
  6 bullfrogs
  A gnoll sergeant (D:7)
  A scorpion (D:7)
  2 water moccasin zombies
  11 killer bees
  A wight (D:6)
  2 electric eels
  7 lava snakes (Volcano)
  3 howler monkeys
  2 bullfrog zombies
  6 centaur zombies
  5 centaur skeletons
  A hound (D:4)
  2 bullfrog skeletons (D:7)
  A human zombie (D:5)
  19 orc priests
  22 orc wizards
  A gnoll shaman (D:7)
  2 human skeletons (D:5)
  An iguana (D:4)
  8 hell rats
  2 killer bee zombies
  A hound skeleton (D:4)
  11 mummies (Ossuary)
  A howler monkey zombie (D:6)
  7 gnolls
  3 howler monkey skeletons
  6 river rats (Lair:1)
  6 adders
  2 shadow imps
  3 white imps
  2 ufetubi
  2 dart slugs
  54 orcs
  8 endoplasms
  A giant cockroach (D:3)
  4 goblins
  4 hobgoblins
  5 jackals
  4 quokkas
  7 ball pythons
  4 bats
  7 frilled lizards
  2 gnoll skeletons (Ossuary)
  4 goblin skeletons (Ossuary)
  29 kobolds
  A kobold skeleton (Ossuary)
  2 orc skeletons
  2 orc zombies (D:5)
  4 rats
  11 rat skeletons (Ossuary)
  15 bushes
  3 starspawn tentacles (Abyss:3)
769 creatures vanquished.

Vanquished Creatures (collateral kills)
  A red draconian (Volcano)
  A hell beast (Gauntlet)
  An apocalypse crab (Abyss:3)
  A starcursed mass (Abyss:3)
  A ynoxinul (Abyss:3)
  Eustachio (D:7)
  A warg (Orc:2)
  A small abomination (Abyss:3)
  2 ogres (Orc:2)
  A white imp (D:7)
  2 orcs (Orc:2)
13 creatures vanquished.

Vanquished Creatures (others)
  A bush (Lair:6)
  2 demonic plants (Gauntlet)
  34 fulminant prisms
  25 fungi
  148 plants
  2 starspawn tentacles (Abyss:3)
212 creatures vanquished.

Grand Total: 994 creatures vanquished

Notes
Turn   | Place    | Note
-------+----------+-------------------------------------------
     0 | D:1      | Mgcat the Djinni Conjurer began the quest for the Orb.
     0 | D:1      | Reached XP level 1. HP: 15/15 MP: 0/0
   120 | D:1      | Found Nudaot's Distillery.
   130 | D:1      | Reached skill level 1 in Fighting
   165 | D:1      | Found Xiecusiq's Distillery.
   196 | D:1      | Reached XP level 2. HP: 18/22 MP: 0/0
   294 | D:1      | Found Nide's Armour Shop.
   413 | D:1      | Found Soaq's Jewellery Boutique.
   684 | D:2      | Reached skill level 2 in Fighting
   684 | D:2      | Reached XP level 3. HP: 20/28 MP: 0/0
   684 | D:2      | Learned a level 1 spell: Beastly Appendage
   889 | D:2      | Reached skill level 4 in Spellcasting
  1236 | D:2      | Reached XP level 4. HP: 27/34 MP: 0/0
  1466 | D:3      | Reached skill level 3 in Fighting
  1963 | D:3      | Reached XP level 5. HP: 39/40 MP: 0/0
  1963 | D:3      | Learned a level 2 spell: Corpse Rot
  2759 | D:4      | Reached skill level 4 in Fighting
  3060 | D:4      | Reached XP level 6. HP: 45/48 MP: 0/0
  3145 | D:4      | Found a staircase to the Ecumenical Temple.
  3165 | Temple   | Entered the Ecumenical Temple
  3179 | Temple   | Became a worshipper of Makhleb the Destroyer
  3208 | D:4      | Reached skill level 5 in Fighting
  3250 | D:4      | HP: 12/49 [kobold/+0 whip (3)]
  3378 | D:4      | Reached XP level 7. HP: 26/54 MP: 0/0
  3378 | D:4      | Learned a level 3 spell: Confusing Touch
  4150 | D:5      | Entered Level 5 of the Dungeon
  4159 | D:5      | Found Zucvadit's Magic Scroll Shop.
  4162 | D:5      | Found Gaodieni's Magic Scroll Boutique.
  4176 | D:5      | Reached skill level 5 in Spellcasting
  4186 | D:5      | Found Jitif's Assorted Antiques.
  4212 | D:5      | Found a sand-covered staircase.
  4253 | Ossuary  | Entered an ossuary
  4400 | Ossuary  | Reached * piety under Makhleb
  4401 | Ossuary  | Reached skill level 6 in Fighting
  4790 | D:5      | Reached ** piety under Makhleb
  5095 | D:5      | Bought a scroll of enchant armour for 105 gold pieces
  5101 | D:5      | Found a white marble altar of Elyvilon.
  5108 | D:5      | Found an iron altar of Okawaru.
  5109 | D:5      | Found a sparkling altar of Nemelex Xobeh.
  5109 | D:5      | Found a bloodstained altar of Trog.
  5172 | D:5      | Found Taralaorgh's Assorted Antiques.
  5180 | D:5      | Bought a scroll labelled GOQOME DIWUT for 32 gold pieces
  5340 | D:5      | Reached skill level 1 in Invocations
  5340 | D:5      | Reached XP level 8. HP: 58/62 MP: 0/0
  5342 | D:5      | Noticed Edmund
  5353 | D:5      | Killed Edmund
  5354 | D:5      | Reached skill level 7 in Fighting
  5354 | D:5      | Reached skill level 3 in Dodging
  5657 | D:6      | Noticed Prince Ribbit
  5713 | D:6      | Noticed Menkaure
  5760 | D:6      | Reached skill level 2 in Invocations
  5849 | D:6      | Killed Menkaure
  6103 | D:6      | Killed Prince Ribbit
  6104 | D:6      | Reached skill level 4 in Dodging
  6104 | D:6      | Reached skill level 6 in Spellcasting
  6113 | D:6      | Reached skill level 8 in Fighting
  6227 | D:6      | Identified the +3 war axe of Mofearoomp {flame, Will+++}
  6292 | D:6      | Reached skill level 3 in Invocations
  6297 | D:6      | Reached XP level 9. HP: 26/70 MP: 0/0
  6297 | D:6      | Learned a level 4 spell: Summon Ice Beast
  7124 | D:6      | Identified the +2 scale mail of the Valley {Fly Int+3
                  | Dex+3}
  7405 | D:7      | Reached skill level 9 in Fighting
  7405 | D:7      | Reached skill level 5 in Dodging
  7455 | D:7      | Reached skill level 4 in Invocations
  7566 | D:7      | Noticed Blork the orc
  7569 | D:7      | Killed Blork the orc
  7579 | D:7      | HP: 7/72 [orc warrior/+0 great sword (11)]
  7584 | D:7      | Noticed Maggie
  7604 | D:7      | HP: 10/72 [Maggie/bolt of fire (2)]
  7681 | D:6      | Reached *** piety under Makhleb
  7906 | D:7      | Killed Maggie
  8255 | D:7      | Noticed Eustachio
  8273 | D:7      | Killed Eustachio
  8274 | D:7      | Reached XP level 10. HP: 42/80 MP: 0/0
  8529 | D:7      | Reached skill level 5 in Invocations
  8529 | D:7      | Found Naut's Antique Armour Emporium.
  8540 | D:7      | Reached skill level 10 in Fighting
  8540 | D:7      | Reached skill level 7 in Spellcasting
  8804 | D:8      | Noticed Psyche
  8814 | D:8      | Killed Psyche
  9229 | D:8      | Noticed a kobold demonologist
  9234 | D:8      | Killed a kobold demonologist
  9239 | D:8      | Noticed a kobold demonologist
  9245 | D:8      | Killed a kobold demonologist
  9332 | D:8      | Found Deroec's Demolitions Depot.
  9548 | D:8      | Reached skill level 11 in Fighting
 10365 | D:5      | Bought a faintly glowing leather armour for 175 gold pieces
 10365 | D:5      | Identified the +0 leather armour of Resonance {Str+2} (You
                  | bought it in a shop on level 5 of the Dungeon)
 10581 | D:9      | Reached skill level 8 in Spellcasting
 10582 | D:9      | Found a staircase to the Lair.
 10827 | D:9      | Found a shimmering altar of Xom.
 10827 | D:9      | Found a shimmering altar of Xom.
 10828 | D:9      | Found a shimmering altar of Xom.
 10829 | D:9      | Found a shimmering altar of Xom.
 10829 | D:9      | Found a shimmering altar of Xom.
 10829 | D:9      | Found a shimmering altar of Xom.
 10830 | D:9      | Found a shimmering altar of Xom.
 10832 | D:9      | Found a shimmering altar of Xom.
 11172 | D:10     | Entered Level 10 of the Dungeon
 11220 | D:10     | Reached skill level 12 in Fighting
 11220 | D:10     | Reached XP level 11. HP: 85/89 MP: 0/0
 11220 | D:10     | Learned a level 5 spell: Fireball
 11336 | D:10     | Reached **** piety under Makhleb
 11481 | D:10     | Noticed Fannar
 11485 | D:10     | Killed Fannar
 11667 | D:10     | Found a staircase to the Orcish Mines.
 12225 | D:11     | Reached skill level 1 in Armour
 12549 | D:11     | Noticed a tengu warrior
 12562 | D:11     | HP: 18/91 [tengu warrior/+0 great mace (7)]
 12564 | D:11     | Killed a tengu warrior
 12565 | D:11     | Reached skill level 13 in Fighting
 12565 | D:11     | Reached skill level 2 in Armour
 12734 | D:11     | Noticed a five-headed hydra
 12741 | D:11     | Killed a five-headed hydra
 12750 | D:11     | Noticed a manticore
 12760 | D:11     | Killed a manticore
 12954 | Lair:1   | Entered Level 1 of the Lair of Beasts
 13058 | Lair:1   | Noticed Joseph
 13068 | Lair:1   | Reached skill level 6 in Dodging
 13068 | Lair:1   | Reached skill level 9 in Spellcasting
 13068 | Lair:1   | Killed Joseph
 13209 | Lair:1   | Reached skill level 3 in Armour
 13209 | Lair:1   | Reached XP level 12. HP: 92/98 MP: 0/0
 13407 | Lair:1   | Reached skill level 6 in Invocations
 13837 | Lair:2   | Reached skill level 7 in Dodging
 14257 | D:1      | Bought an amulet of regeneration for 360 gold pieces
 14572 | Lair:2   | Reached skill level 14 in Fighting
 14580 | Lair:2   | Reached skill level 4 in Armour
 15034 | Lair:3   | Reached skill level 7 in Invocations
 15050 | Lair:3   | Found a staircase to the Snake Pit.
 15098 | Lair:3   | Reached ***** piety under Makhleb
 15203 | Lair:3   | Reached XP level 13. HP: 102/106 MP: 0/0
 15203 | Lair:3   | Learned a level 5 spell: Hydra Form
 15222 | Lair:3   | Reached skill level 8 in Dodging
 15225 | Lair:3   | Reached skill level 5 in Armour
 15247 | Lair:3   | Noticed Urug
 15251 | Lair:3   | Killed Urug
 15477 | Lair:3   | Found a staircase to the Shoals.
 16015 | Lair:4   | Reached skill level 10 in Spellcasting
 16040 | Lair:4   | Reached skill level 8 in Invocations
 16080 | Lair:4   | Reached skill level 15 in Fighting
 16125 | Lair:4   | Identified the ring of Kiaceamp {rC- rN++ SInv}
 17163 | Lair:5   | Identified a scroll of acquirement
 17163 | Lair:5   | Acquired the ring "Siubun" {rC+ MP+9 Dex+6}
 17599 | Lair:5   | Reached XP level 14. HP: 101/114 MP: 0/0
 17991 | Lair:6   | Entered Level 6 of the Lair of Beasts
 18023 | Lair:5   | HP: 22/114 [black mamba (10)]
 18025 | Lair:5   | Reached skill level 6 in Armour
 18028 | Lair:5   | HP: 19/114 [black mamba (8)]
 18157 | Lair:6   | Reached skill level 11 in Spellcasting
 18162 | Lair:6   | Reached skill level 9 in Dodging
 18307 | Lair:6   | Reached skill level 9 in Invocations
 18467 | Lair:6   | Reached ****** piety under Makhleb
 18515 | Lair:6   | Found a runed translucent door.
 18516 | Lair:6   | Found a viscous altar of Jiyva.
 18520 | Lair:6   | Found a staircase to the Slime Pits.
 18660 | Lair:6   | Reached skill level 7 in Armour
 18674 | Lair:6   | Identified the +5 shadow dragon scales of Sif Muna's Regard
                  | {rElec rC- Will- Int+6 Stlth++++}
 19221 | Orc:1    | Entered Level 1 of the Orcish Mines
 19224 | Orc:1    | Found a dark tunnel.
 19230 | Volcano  | Entered a volcano
 19548 | Volcano  | Reached skill level 1 in Staves
 19558 | Volcano  | Found a bloodstained altar of Trog.
 19562 | Volcano  | Noticed a red draconian
 19573 | Volcano  | Killed a red draconian
 19574 | Volcano  | HP: 26/115 [spore (21)]
 19620 | Volcano  | Identified the +1 robe of Mumblety Peg {Rampage}
 19762 | Orc:1    | Found Aso Lifo's Antique Weapon Shop.
 19778 | Orc:1    | Found Byowk's Antique Weapon Boutique.
 19791 | Orc:1    | Found Fab Guts's Assorted Antiques.
 19895 | Orc:1    | Found Fafyut's Weapon Boutique.
 19905 | Orc:1    | Found Gobb's Antique Armour Shop.
 19908 | Orc:1    | Bought a pair of shimmering gloves for 256 gold pieces
 19908 | Orc:1    | Identified the +2 pair of gloves "Ydioteth" {-Cast Rampage
                  | rElec rN+} (You bought it in a shop on level 1 of the
                  | Orcish Mines)
 19984 | Orc:2    | Entered Level 2 of the Orcish Mines
 20026 | Orc:2    | Reached XP level 15. HP: 113/121 MP: 0/0
 20026 | Orc:2    | Learned a level 6 spell: Invisibility
 20027 | Orc:2    | Reached skill level 10 in Dodging
 20067 | Orc:2    | Found Woos's General Store.
 20086 | Orc:2    | Bought a scroll of blinking for 82 gold pieces
 20119 | Orc:2    | Found a runed translucent gate.
 20124 | Orc:2    | Found a runed translucent gate.
 20124 | Orc:2    | Found a runed translucent gate.
 20126 | Orc:2    | Noticed Gonzollydolly's ghost (adept OpTm)
 20131 | Orc:2    | Reached skill level 2 in Staves
 20278 | Orc:2    | Noticed Rupert
 20286 | Orc:2    | Killed Rupert
 20287 | Orc:2    | Reached skill level 12 in Spellcasting
 20388 | Orc:2    | Found a staircase to the Elven Halls.
 20494 | Orc:2    | Reached skill level 10 in Invocations
 20511 | Orc:2    | Reached skill level 3 in Staves
 20515 | Orc:2    | Found Qull's Antique Weapon Emporium.
 20515 | Orc:2    | Found Rulel's Assorted Antiques.
 20517 | Orc:2    | Found Voyri's Distillery.
 20517 | Orc:2    | Found Oskusedu's Magic Scroll Emporium.
 20532 | Orc:2    | Bought a runed cloak for 210 gold pieces
 20917 | Orc:2    | Reached skill level 16 in Fighting
 20920 | Orc:2    | Reached skill level 8 in Armour
 20928 | Orc:2    | Killed Gonzollydolly's ghost
 20940 | Orc:2    | Identified the ring "Juxzelokh" {Wiz rElec rF+ Will+ Str+2
                  | Dex+2}
 21936 | D:13     | Reached skill level 4 in Staves
 22011 | D:13     | Found a gate to the Vaults.
 22045 | D:13     | Found a gate leading to a gauntlet.
 22063 | Gauntlet | Entered a Gauntlet
 22063 | Gauntlet | Found a transporter.
 22074 | Gauntlet | Found a transporter.
 22097 | Gauntlet | Found a transporter.
 22097 | Gauntlet | Found a transporter.
 22109 | Gauntlet | Found a transporter.
 22140 | Gauntlet | Found a transporter.
 22155 | Gauntlet | Found a transporter.
 22190 | Gauntlet | Found a transporter.
 22190 | Gauntlet | Found a transporter.
 22198 | Gauntlet | Found a transporter.
 22231 | Gauntlet | Found a transporter.
 22231 | Gauntlet | Found a transporter.
 22363 | Gauntlet | Identified the +2 cloak of the Bruised Allies {Fly rElec
                  | rC+ Str+4}
 22421 | Gauntlet | Identified the +3 morningstar of Aluece {drain, Dex+2}
 22421 | Gauntlet | Identified the +9 arbalest of Tenacity {vorpal, Str+4}
 22430 | Gauntlet | Identified the +5 spear of Ancient Evil {vorpal, *Slow
                  | Str+8 Int+3}
 22430 | Gauntlet | Identified the +1 plate armour of the Furrier {Will+ MP+9
                  | Str+2}
 22978 | D:13     | Reached skill level 13 in Spellcasting
 23332 | Orc:2    | Bought a scroll of acquirement for 780 gold pieces
 23334 | Orc:2    | Acquired the ring "Ofryter" {rElec rN+ SInv}
 23509 | D:14     | Reached XP level 16. HP: 129/129 MP: 0/0
 23511 | D:14     | Noticed Kirke
 23515 | D:14     | Killed Kirke
 23615 | D:14     | Reached skill level 5 in Staves
 23690 | D:14     | Found Ellim's Armour Emporium.
 24040 | D:14     | Acquired 989 gold pieces
 24069 | D:15     | Entered Level 15 of the Dungeon
 24104 | D:15     | Cast into level 3 of the Abyss (a wizard)
 24118 | Abyss:3  | Reached skill level 11 in Invocations
 24139 | Abyss:3  | Noticed a tentacled starspawn
 24142 | Abyss:3  | Killed a tentacled starspawn
 24257 | Abyss:3  | Noticed a tentacled starspawn
 24260 | Abyss:3  | Killed a tentacled starspawn
 24332 | Abyss:3  | Gained mutation: Your body sometimes deteriorates upon
                  | taking damage. [mutagenic glow]
 24342 | Abyss:3  | Gained mutation: You are frail. (-10% HP) [mutagenic glow]
 24387 | Abyss:3  | Noticed a lich
 24388 | D:15     | Escaped the Abyss
 24400 | D:15     | Noticed Jorgrun
 24403 | D:15     | Killed Jorgrun
 24479 | D:15     | Reached skill level 6 in Staves
 25117 | D:15     | Found a staircase to the Depths.
 25444 | Shoals:1 | Entered Level 1 of the Shoals
 25585 | Shoals:1 | Noticed Donald
 25588 | Shoals:1 | Killed Donald
 25662 | Shoals:1 | Noticed Nikola
 25669 | Shoals:1 | Killed Nikola
 25670 | Shoals:1 | Reached skill level 14 in Spellcasting
 25760 | Shoals:1 | Found a flickering gateway to a bazaar.
 25890 | Bazaar   | Entered a bazaar
 25890 | Bazaar   | Found Sooju's Armour Shop.
 25890 | Bazaar   | Found Athriugg's Armour Emporium.
 25909 | Bazaar   | Found Noyth's Distillery.
 25921 | Bazaar   | Found Heegisun's Weapon Emporium.
 25959 | Bazaar   | Bought a +0 helmet of intelligence for 184 gold pieces
 26100 | Shoals:1 | Reached XP level 17. HP: 121/121 MP: 0/0
 26100 | Shoals:1 | Learned a level 7 spell: Summon Hydra
 26340 | Shoals:2 | Reached skill level 17 in Fighting
 26624 | Shoals:2 | Reached skill level 7 in Staves
 26639 | Shoals:2 | Reached skill level 12 in Invocations
 26689 | Shoals:2 | Noticed Ilsuiw
 26699 | Shoals:2 | Killed Ilsuiw
 26702 | Shoals:2 | HP: 6/122 [merfolk impaler/+7 trident of venom (31)]
 26703 | Shoals:2 | Mangled by a merfolk impaler

Illustrated notes

Levels and vault maps discovered:
D:1:      dpeg_arrival_pits, layout_basic, serial_shops, shop,
          nicolae_shop_crystal, shop, shop
D:2:      minmay_evil_eye, layout_basic
D:3:      layout_loops_ring, kiku_gazebo_garden_becter
D:4:      kennysheep_kobold_camp, layout_basic, minmay_temple_entry_overgrown
D:5:      layout_layer_cave, grunt_temple_overflow_open, serial_shops,
          shop_fountains, nicolae_shop_crystal, nicolae_shop_waterfront,
          shop_statue, nicolae_ossuary_entry_catacombs, uniq_edmund
D:6:      minmay_skewed_foursquare, layout_cave_pools,
          hangedman_abyss_or_decor_passed, uniq_menkaure, uniq_prince_ribbit1
D:7:      layout_basic, serial_shops, shop_statue, sword_in_stone, uniq_maggie
D:8:      layout_loops_cross, nicolae_blasting_shop, minivault_14, uniq_psyche
D:9:      layout_basic, xom_shifter_show, david_lair_generic,
          serial_bayou_lagoon_a
D:10:     layout_basic, orc_0_dummy, uniq_fannar
D:11:     layout_loops_ring
D:12:     layout_basic, minivault_16
D:13:     layout_basic, hangedman_vaults_entry_quadrant_bands,
          gauntlet_entry_generic, serial_curves, eino_curves_02, eino_curves_04,
          eino_curves_04, eino_curves_04, grunt_ministairs_9
D:14:     layout_basic, chequers_serial_rivers_large_a, serial_shops,
          nicolae_shop_crystal, hangedman_abyss_or_decor_lesser_grid, uniq_kirke
D:15:     grunt_enter_depths_magical_seal, layout_loops_ring,
          minmay_misc_feat_roman, dk_noncrumbling_2, uniq_jorgrun
Temple:   compressed_dpeg_circular_temple
Lair:1:   layout_loops_ring, kennysheep_rathole, grunt_megastairs_2,
          serial_bayou_shore_a, uniq_joseph
Lair:2:   layout_long_grid, minmay_lindwurm_lava, infiniplex_staircase_pool_2,
          lemuel_fruit_fields
Lair:3:   layout_cave_pods, elwin_shoals_entry_rooms,
          minmay_snake_entry_guardpost_medium, uniq_urug
Lair:4:   layout_layer_cave
Lair:5:   layout_layer_cave
Lair:6:   hangedman_lair_in_review, layout_loops_ring, slime_altar_2,
          ldierk_geyser, minmay_hedge_maze, hangedman_lair_unloving_vines
Shoals:1: layout_shoals, serial_shops, bzr_entry_gold, nicolae_shoals_so_close,
          uniq_nikola, uniq_donald
Shoals:2: layout_shoals, uniq_ilsuiw
Orc:1:    layout_diamond_mine, serial_shops, shop, nicolae_shop_behind_doors,
          nicolae_shop_trees, nicolae_shop_overgrown_old_shop,
          nicolae_shop_behind_doors, nicolae_volcano_entry_hallway
Orc:2:    grunt_orc_tribal_feast, layout_diamond_mine, serial_shops, shop,
          maelrawn_ghost_gauntlet_escape, uniq_rupert

Skill      XL: |  1  2  3  4  5  6  7  8  9 10 11 12 13 14 15 16 17 |
---------------+----------------------------------------------------+-----
Fighting       | 1 2 3 4 5 6 8 9 12 13 14 15 16 17 | 17.2
Spellcasting   | 4 5 6 8 9 10 11 13 14 | 14.5
Invocations    | 1 3 4 5 7 8 9 10 11 12 | 12.0
Dodging        | 4 5 6 7 8 9 10 | 10.0
Armour         | 3 4 5 7 8 |  8.0
Staves         | 1 4 6 7 |  7.4
Stealth        | |  1.5

Action                   |  1- 3 |  4- 6 |  7- 9 | 10-12 | 13-15 | 16-18 || total
-------------------------+-------+-------+-------+-------+-------+-------++-------
Melee: War axe           |       |       |     3 |     3 |       |       ||     6
       Staff             |       |       |       |       |    18 |     7 ||    25
       Unarmed           |       |       |       |       |     6 |       ||     6
 Cast: Magic Dart        |    69 |    95 |    71 |    60 |    82 |     3 ||   380
       Searing Ray       |       |    13 |    83 |    84 |    20 |     8 ||   208
       Fulminant Prism   |       |       |    10 |    16 |     9 |       ||    35
       Summon Ice Beast  |       |       |     1 |       |       |       ||     1
       Fireball          |       |       |       |    92 |   429 |   200 ||   721
       Corpse Rot        |       |       |       |       |     1 |       ||     1
       Hydra Form        |       |       |       |       |     1 |       ||     1
       Iskenderun's Myst |       |       |       |       |       |     5 ||     5
Invok: Lesser Servant of |       |       |       |     2 |     8 |     2 ||    12
Evoke: Wand              |       |       |       |     1 |       |       ||     1
  Use: Scroll            |       |     6 |     9 |     6 |    18 |     2 ||    41
       Potion            |       |       |       |       |     1 |     2 ||     3
 Stab: Distracted        |       |       |       |     1 |       |       ||     1
Armor: Robe              |     1 |     2 |    19 |    34 |       |       ||    56
       Troll leather arm |       |       |       |    18 |    59 |    28 ||   105
Dodge: Dodged            |       |    13 |    57 |   141 |   139 |    78 ||   428

Table legend: (Time is in decaauts)
 A = Elapsed time spent in this place.
 B = Non-inter-level travel time spent in this place.
 C = Inter-level travel time spent in this place.
 D = Time resting spent in this place.
 E = Time spent auto-exploring this place.
 F = Levels seen in this place.
 G = Mean time per level.
                   A        B        C        D        E       F      G
               +--------+--------+--------+--------+--------+-----+--------+
         Total |  26777 |  24055 |   2722 |   2306 |  17917 |  31 |  863.8 |
       Dungeon |  16450 |  14444 |   2006 |   1983 |  10436 |  15 | 1096.7 |
        Temple |     24 |     24 |      0 |      0 |      8 |   1 |   24.0 |
          Lair |   5812 |   5424 |    388 |     47 |   4744 |   6 |  968.7 |
        Shoals |   1151 |   1110 |     41 |     18 |    883 |   2 |  575.5 |
  Orcish Mines |   1620 |   1334 |    286 |      0 |   1000 |   2 |  810.0 |
         Abyss |    301 |    301 |      0 |      8 |    165 |   1 |  301.0 |
        Bazaar |    106 |    106 |      0 |      0 |     44 |   1 |  106.0 |
       Ossuary |    495 |    495 |      0 |     70 |    304 |   1 |  495.0 |
       Volcano |    435 |    435 |      0 |    160 |    126 |   1 |  435.0 |
      Gauntlet |    377 |    377 |      0 |     20 |    207 |   1 |  377.0 |
               +--------+--------+--------+--------+--------+-----+--------+

Top non-repeatable levels by time:
     D:6: 2114 daAuts
     D:4: 1527 daAuts
     D:5: 1336 daAuts
     D:7: 1321 daAuts
     D:8: 1201 daAuts
   Orc:2: 1167 daAuts
     D:3: 1157 daAuts
    D:10: 1152 daAuts
  Lair:4: 1094 daAuts
    D:13: 1087 daAuts
  Lair:3: 1042 daAuts
  Lair:5: 1040 daAuts
  Lair:6: 995 daAuts
     D:9: 923 daAuts
     D:2: 883 daAuts

Table legend:
 A = Kills in this place as a percentage of kills in entire the game.
 B = Kills by you in this place as a percentage of kills by you in the entire game.
 C = Kills by friends in this place as a percentage of kills by friends in the entire game.
 D = Other kills in this place as a percentage of other kills in the entire game.
 E = Experience gained in this place as a percentage of experience gained in the entire game.
 F = Experience gained in this place divided by the number of levels of this place that you have seen.
                   A       B       C       D       E      F
               +-------+-------+-------+-------+-------+----------------------
         Total | 100.0 | 100.0 | 100.0 |   N/A | 100.0 | 6520.9
       Dungeon |  43.7 |  44.2 |  15.4 |   N/A |  30.6 | 4123.7
          Lair |  24.3 |  24.8 |   0.0 |   N/A |  30.5 | 10286.0
        Shoals |   8.5 |   8.7 |   0.0 |   N/A |  18.7 | 18863.5
  Orcish Mines |  13.1 |  12.6 |  38.5 |   N/A |   9.8 | 9898.5
         Abyss |   2.7 |   2.3 |  30.8 |   N/A |   5.4 | 10991.0
       Ossuary |   3.9 |   4.0 |   0.0 |   N/A |   0.1 | 216.0
       Volcano |   2.7 |   2.7 |   7.7 |   N/A |   2.6 | 5351.0
      Gauntlet |   0.9 |   0.8 |   7.7 |   N/A |   2.2 | 4494.0
               +-------+-------+-------+-------+-------+----------------------
